 Dungeon Crawl Stone Soup version 0.19.5 (webtiles) character file.

42 pps the Charlatan (level 3, 0/17 HPs)
             Began as a Spriggan Artificer on Mar 24, 2017.
             Slain by a giant cockroach (2 damage)
             ... on level 1 of the Dungeon.
             The game lasted 00:10:05 (866 turns).

pps the Charlatan (Spriggan Artificer)               Turns: 866, Time: 00:10:05

Health: 0/17       AC:  2    Str:  9    XL:     3   Next: 35%
Magic:  7/7        EV: 19    Int: 12    God:
Gold:   90         SH:  0    Dex: 16    Spells: 0 memorised, 2 levels left

rFire  . . .     SeeInvis +     q - -3 dagger (curse)
rCold  . . .     Gourm    .     b - +0 robe
rNeg   . . .     Faith    .     (shield restricted)
rPois  .         Spirit   .     (helmet restricted)
rElec  .         Reflect  .     (no cloak)
rCorr  .         Harm     .     (gloves unavailable)
MR     .....                    (boots unavailable)
Stlth  ++........               (no amulet)
                                (no ring)
                                (no ring)

@: very quick
A: unfitting armour, see invisible, herbivore 3, speed 3, slow metabolism 2
a: no special abilities


You were on level 1 of the Dungeon.
You were not hungry.

You visited 1 branch of the dungeon, and saw 3 of its levels.

You collected 90 gold pieces.

Inventory:

Hand Weapons
 a - a +0 short sword
 h - a +0 spear
 i - a +0 whip
 n - a +0 dagger
 p - a +0 spear
 q - a cursed -3 dagger (weapon)
 s - a +0 whip
Missiles
 g - 26 stones (quivered)
 j - 13 sling bullets
Armour
 b - a +0 robe (worn)
Wands
 c - a wand of flame (10/48)
 d - a wand of enslavement (11/24)
 e - a wand of random effects (12/48)
Scrolls
 k - a scroll of teleportation
 o - a scroll of identify {unknown}
Potions
 r - a potion of might
Comestibles
 f - a bread ration
 l - a meat ration
 m - a slice of pizza


   Skills:
 + Level 0.8 Fighting
 + Level 1.7 Short Blades
 + Level 0.6 Throwing
 + Level 3.8 Dodging
 + Level 1.7 Stealth
 + Level 4.9 Evocations


You had 2 spell levels left.
You didn't know any spells.

Dungeon Overview and Level Annotations

Branches:
Dungeon (3/15)

Altars:


Innate Abilities, Weirdness & Mutations

You are very small and have problems with some larger weapons.
You are too small for most types of armour.
You have supernaturally acute eyesight. (SInv)
You are a herbivore.
You cover ground extremely quickly.
You need consume almost no food.


Message History

The giant cockroach misses you.
You hit the giant cockroach.
The giant cockroach is heavily wounded.
The giant cockroach barely misses you. The giant cockroach misses you.
You hit the giant cockroach but do no damage.
The giant cockroach is heavily wounded.
The giant cockroach misses you.
You hit the giant cockroach but do no damage.
The giant cockroach is heavily wounded.
The giant cockroach misses you.
You hit the giant cockroach but do no damage.
The giant cockroach is heavily wounded.
The giant cockroach misses you.
You hit the giant cockroach but do no damage.
The giant cockroach is heavily wounded.
The giant cockroach completely misses you.
You hit the giant cockroach but do no damage.
The giant cockroach is heavily wounded.
The giant cockroach bites you.
You die...

#.##### ## ##.....# .. #
#####...##.# .# #
#..........#.##.# #
#.#.##..#.......#.. ##
#...##.##.#######.# #####
.####...##.......#. ..# #.K.#
......#.#.#.#.##.#....####.#.#
.####.#...##..##@#..#.#..#.#.# .#
#.#.......##s#..#.#..#.#.# ##
#.####.#.###S#..#.#..#K#.#
#####.#....#...#.#...(.....#.#
..........)..#.#....((######.#
..###.##)###)#.......((....(.#
.........................>####
...#####.#.......................
...# #...#..#...#.....########.


You could see an adder and a giant cockroach.

Vanquished Creatures
  Ijyb (D:2)
  An adder (D:2)
  A ball python (D:1)
  A giant cockroach (D:1)
  A goblin (D:1)
  A frilled lizard (D:1)
  5 kobolds (D:1)
  3 rats (D:1)
14 creatures vanquished.

Vanquished Creatures (collateral kills)
  A bat (D:2)
1 creature vanquished.

Vanquished Creatures (others)
  A hobgoblin (D:2)
  A kobold (D:2)
2 creatures vanquished.

Grand Total: 17 creatures vanquished

Notes
Turn   | Place    | Note
-------+----------+-------------------------------------------
     0 | D:1      | pps the Spriggan Artificer began the quest for the Orb.
     0 | D:1      | Reached XP level 1. HP: 9/9 MP: 4/4
   442 | D:2      | Noticed Ijyb
   699 | D:2      | Killed Ijyb
   699 | D:2      | Reached XP level 2. HP: 10/14 MP: 6/6
   699 | D:2      | Reached XP level 3. HP: 12/17 MP: 7/7
   866 | D:1      | Slain by a giant cockroach

Action                   || total
-------------------------++-------
Melee: Short sword       ||    40
       Dagger            ||    46
Throw: Stone             ||    34
Evoke: Wand              ||    12
  Use: Scroll            ||     1
Armor: Robe              ||     6
Dodge: Dodged            ||    95
